Cogmind - Beta 12 X1 @@@ ROGUE MODE // 2022.08.25 @ 00:33:11 Player: cptwinky Result: Destroyed by DAS Turret with DAS Cannon Performance ------------- Evolutions (1) 500 Regions Visited (5) 1000 Robots Destroyed (63) 315 Value Destroyed (1248) 1248 Prototype IDs (42) 840 Alien Tech Used (0) 0 Bonus (-614) -614 TOTAL SCORE: 3289 Bonus ------- Aligned with FarCom 300 Friendly Fire -914 Cogmind --------- Core Integrity 0/400 Matter 95/300 Energy 100/100 System Corruption 0% Temperature Cool (91) Movement Walking (120) Location -9/Exiles Parts ------- > --- POWER (1) -------- (None) > --- PROPULSION (3) --- Advanced Myomer Leg > --- UTILITY (3) ------ Large Storage Unit Gravity Neutralizer Experimental Targeting Computer > --- WEAPON (2) ------- YI-UF0's Doublenader > --- INVENTORY (15) --- Compact Wheel Huge Storage Unit YI-UF0's Bottomless Matter Pit (1274) Experimental Sensor Array 8R-AWN's Armor/EX AS-neutralizer No. 17b 8R-AWN's Boregun 8R-AWN's Boregun Datajack Hammer Mining Claw Peak State ------------ > --- POWER ------------ (None) > --- PROPULSION ------- Advanced Myomer Leg > --- UTILITY ---------- Large Storage Unit Gravity Neutralizer Experimental Targeting Computer > --- WEAPON ----------- YI-UF0's Doublenader > --- INVENTORY -------- Compact Wheel Huge Storage Unit YI-UF0's Bottomless Matter Pit Experimental Sensor Array 8R-AWN's Armor/EX AS-neutralizer No. 17b 8R-AWN's Boregun 8R-AWN's Boregun Datajack Hammer Mining Claw [Rating: 32] Favorites ----------- Power Heavy Ion Engine Engine Heavy Ion Engine Propulsion Light Treads Treads Light Treads Leg Advanced Myomer Leg Utility Light Armor Plating Device Improved Heat Sink Storage Large Storage Unit Processor Experimental Targeting Computer Protection Light Armor Plating Weapon Assault Rifle Energy Gun Medium Laser Ballistic Gun Assault Rifle Launcher YI-UF0's Doublenader Impact Weapon Hammer Slashing Weapon Mining Claw Special Melee Weapon Datajack Build | -11 -10 -10 -9 -9 -9 ------- Run | Scr Mat Min Mat Min Exi Slots Evolved 2 | . . . 2 . . Power . | . . . . . . Propulsion 1 | . . . 1 . . Utility 1 | . . . 1 . . Weapon . | . . . . . . Parts Attached 66 | 3 5 5 28 8 17 Power 2 | . . 1 1 . . Engine 2 | . . 1 1 . . Core . | . . . . . . Reactor . | . . . . . . Propulsion 14 | 2 . . 9 . 3 Treads 13 | 2 . . 9 . 2 Leg 1 | . . . . . 1 Wheel . | . . . . . . Hover . | . . . . . . Flight . | . . . . . . Utility 13 | . 3 1 5 2 2 Device 2 | . . 1 . . 1 Storage 3 | . 2 . . 1 . Processor 1 | . . . . . 1 Hackware . | . . . . . . Protection 7 | . 1 . 5 1 . Artifact . | . . . . . . Weapon 37 | 1 2 3 13 6 12 Energy Gun 5 | . . 2 3 . . Energy Cannon . | . . . . . . Ballistic Gun 18 | 1 2 . 7 2 6 Ballistic Cannon . | . . . . . . Launcher 4 | . . 1 . 1 2 Special Weapon . | . . . . . . Impact Weapon 1 | . . . 1 . . Slashing Weapon 6 | . . . . 3 3 Piercing Weapon . | . . . . . . Special Melee Weapon 3 | . . . 2 . 1 Unidentified Prototypes 3 | . . . 1 2 . Parts Lost 16 | . . 1 3 . 12 Power 1 | . . . . . 1 Propulsion 8 | . . . 3 . 5 Utility 3 | . . 1 . . 2 Weapon 4 | . . . . . 4 Highest Loss Streak 7 | . . 1 1 . 7 To Critical Strikes 8 | . . . . . 8 Average Slot Usage (%) 96 | . 99 99 96 100 90 Engine 11 | . 14 14 10 11 10 Treads 30 | . 28 28 32 33 27 Device 3 | . . 11 4 . . Storage 12 | . 14 14 11 11 11 Protection 14 | . 13 2 15 22 17 Energy Gun 4 | . 7 10 2 . . Ballistic Gun 17 | . 20 17 17 20 15 Naked Turns . | . . . . . . Heaviest Build 43 | 13 32 32 43 40 43 Greatest Support 60 | 40 40 40 60 60 60 Greatest Overweight (x) 7 | . . . . . 7 Average Overweight (x) . | . . . . . . Largest Inventory Capacity 15 | 8 15 15 15 15 15 Average Capacity 14 | 8 11 15 15 15 15 Most Carried 15 | 6 15 15 15 15 15 Average Carried 13 | 6 9 14 14 14 12 Final Capacity 15 | 8 15 15 15 15 15 Final Carried 15 | 6 15 15 15 15 13 Class Distribution -------------------- 52% | Scavenger-Mutant 47% | Mutant Dominant Class ---------------- Mutant | -10/Materials Mutant | -10/Mines Scavenger-Mutant | -9/Materials Scavenger-Mutant | -9/Mines Scavenger-Mutant | -9/Exiles Resources | -11 -10 -10 -9 -9 -9 ----------- Run | Scr Mat Min Mat Min Exi Matter Collected 3352 | 200 236 137 655 305 1819 Remotely . | . . . . . . Salvage Created 2076 | . 285 139 1255 271 126 Parts 136 | . 25 11 84 11 5 Haulers Intercepted 4 | . 2 . 2 . . Recyclers Shooed 3 | . 2 . 1 . . Parts Field Recycled . | . . . . . . Retrieved Matter . | . . . . . . Parts Self-Destructed . | . . . . . . Prevented . | . . . . . . Kills | -11 -10 -10 -9 -9 -9 ------- Run | Scr Mat Min Mat Min Exi Combat Hostiles Destroyed 55 | . 10 7 30 4 4 Melee 1 | . . . . . 1 Guns 49 | . 10 4 30 4 1 AOE 5 | . . 3 . . 2 Classes Destroyed 9 | . 3 . 5 . 1 Worker 1 | . . . 1 . . Hauler 4 | . 2 . 2 . . Recycler 2 | . . . 2 . . Operator 2 | . . . 2 . . Watcher 1 | . . . 1 . . Swarmer 29 | . 9 5 15 . . Grunt 14 | . 1 2 7 4 . Sentry 8 | . . . 8 . . Assembled 3 | . . . . . 3 Best Kill Streak 7 | . 3 3 7 2 3 Combat Bots Only 7 | . 3 3 7 2 3 Max Kills in Single Turn 3 | . 1 3 2 1 1 Gunslinging 1 | . . . 1 . . Exploded 3 | . . 3 . . 1 Melee 1 | . . . . . 1 Uniques/NPCs Destroyed 2 | . . . . 1 1 YI-UF0 (-9/Mines) 8R-AWN (-9/Exiles) Combat | -11 -10 -10 -9 -9 -9 -------- Run | Scr Mat Min Mat Min Exi Damage Taken 3060 | . 301 177 1047 369 1166 Core 451 | . 29 11 50 63 298 Absorbed by Shields . | . . . . . . Regen/Repaired (Parts) 11 | . . . 11 . . Core Remaining (%) 92 | 100 . 84 . . . Volleys Fired 199 | . 41 14 77 18 49 Largest 2 | . 2 2 2 2 2 Hottest 76 | . 60 40 76 46 70 Shots Fired 366 | . 82 26 154 36 68 Gun 354 | . 82 24 154 36 58 Cannon . | . . . . . . Launcher 12 | . . 2 . . 10 Special . | . . . . . . Kinetic 306 | . 58 24 130 36 58 Thermal 48 | . 24 . 24 . . Explosive 12 | . . 2 . . 10 Electromagnetic . | . . . . . . Robot Hit Streak 33 | . 9 17 33 14 9 Robot Miss Streak 5 | . 5 3 4 1 5 Penetration Max . | . . . . . . Secondary Targets 2 | . . . 2 . . Max Gunslinging Chain 1 | . . . 1 . . Shots Hit Robots 259 | . 41 19 112 29 58 Core Hits 114 | . 17 10 51 11 25 Critical Kills 1 | . . . 1 . . Critical Parts Destroyed 1 | . . . . . 1 Critical Strikes 4 | . . . 3 . 1 Burn 2 | . . . 2 . . Destroy 2 | . . . 1 . 1 Melee Attacks 36 | . . . 2 4 30 Impact 2 | . . . 2 . . Slashing 30 | . . . . 4 26 Piercing . | . . . . . . Sneak Attacks 7 | . . . . 3 4 Combat Hostiles . | . . . . . . Follow-up Attacks 7 | . . . . . 7 Damage Inflicted 4541 | . 566 435 1651 551 1338 Guns 3368 | . 547 264 1612 413 532 Cannons . | . . . . . . Explosions 638 | . . 165 . . 473 Melee 471 | . . . . 138 333 Ramming 64 | . 19 6 39 . . Kinetic 2990 | . 412 264 1369 413 532 Thermal 378 | . 135 . 243 . . Explosive 638 | . . 165 . . 473 Electromagnetic . | . . . . . . Impact . | . . . . . . Slashing 471 | . . . . 138 333 Piercing . | . . . . . . Highest Corruption . | . . . . . . Average Corruption . | . . . . . . Corruption Purged . | . . . . . . Corruption Blocked . | . . . . . . Overload Shots . | . . . . . . Overflow Damage 20 | . . 20 . . . Projectiles . | . . . . . . Explosions 20 | . . 20 . . . Melee . | . . . . . . Knockbacks . | . . . . . . Impact . | . . . . . . Kinetic . | . . . . . . Secondary . | . . . . . . Self-Inflicted Damage 27 | . . . . . 27 Shots 2 | . . . . . 2 Rammed 12 | . 6 2 4 . . Targets Rammed 14 | . 6 2 6 . . Kicked . | . . . . . . Crushed 2 | . . . 2 . . Highest Temperature 236 | . 81 7 71 236 114 Average Temperature 46 | . 26 3 30 106 28 Received Heat Transfer 651 | . 24 69 327 231 . Siege Activations . | . . . . . . Robots Corrupted . | . . . . . . Combat Hostiles . | . . . . . . Parts Fried . | . . . . . . Impact Corruptions . | . . . . . . Robots Melted . | . . . . . . Combat Hostiles . | . . . . . . Parts Melted 4 | . 1 . 3 . . Heat Transferred 1077 | . 300 . 777 . . Parts Sabotaged . | . . . . . . Parts Stolen . | . . . . . . Parts Stripped . | . . . . . . Power Chain Reactions . | . . . . . . Missiles Intercepted . | . . . . . . Alert | -11 -10 -10 -9 -9 -9 ------- Run | Scr Mat Min Mat Min Exi Peak Influence 309 | . 255 250 309 169 . Initial 113 | . . 12 . 113 . Average 132 | . 113 91 161 135 . Maximum Alert Level 1 | . 1 1 1 . . Low Security (%) 72 | 100 76 80 58 100 . Level 1 27 | . 23 19 41 . . Level 2 . | . . . . . . Level 3 . | . . . . . . Level 4 . | . . . . . . Level 5 . | . . . . . . High Security . | . . . . . . Max Security . | . . . . . . Squads Dispatched 2 | . 2 . . . . Investigation 2 | . 2 . . . . Extermination . | . . . . . . Reinforcement . | . . . . . . Assault . | . . . . . . Garrison . | . . . . . . Intercept . | . . . . . . Searches Triggered . | . . . . . . Construction Impeded . | . . . . . . Haulers Reinforced . | . . . . . . Active Scanning Responses . | . . . . . . Cargo Convoy Interrupts . | . . . . . . Stealth | -11 -10 -10 -9 -9 -9 --------- Run | Scr Mat Min Mat Min Exi Distress Signals 5 | . . . 5 . . Communications Jammed . | . . . . . . Distress Signals . | . . . . . . Times Spotted 91 | . 16 9 43 4 19 Peak Tracking Total 9 | . 3 3 6 2 9 Tactical Retreats 8 | . 2 2 2 . 2 Traps | -11 -10 -10 -9 -9 -9 ------- Run | Scr Mat Min Mat Min Exi Traps Triggered . | . . . . . . Indirectly . | . . . . . . Trap Hack Attempts 88 | . . . 88 . . Triggered . | . . . . . . Disarmed . | . . . . . . Reprogrammed 10 | . . . 10 . . Reused 2 | . . . . . 2 Traps Extracted . | . . . . . . Installed 3 | . . . . . 3 Triggered . | . . . . . . Most Traps Carried 3 | . . 3 3 3 3 Exploded 3 | . . . . . 3 Machines | -11 -10 -10 -9 -9 -9 ---------- Run | Scr Mat Min Mat Min Exi Machines Disabled 6 | . . . . . 6 Max in Single Turn 1 | . . . . . 1 Machines Sabotaged . | . . . . . . Garrisons Compromised . | . . . . . . Overloaded Fab Kills . | . . . . . . Hacking | -11 -10 -10 -9 -9 -9 --------- Run | Scr Mat Min Mat Min Exi Machines Accessed 19 | . 5 . 11 1 2 Terminals 12 | . 4 . 7 1 . Fabricators . | . . . . . . Repair Stations 1 | . . . 1 . . Recycling Units 2 | . 1 . 1 . . Scanalyzers 2 | . . . 2 . . Garrison Access . | . . . . . . Total Hacks 55 | . 13 . 38 2 2 Successful 31 | . 7 . 21 1 2 Failed 23 | . 6 . 16 1 . Catastrophic 2 | . 1 . . 1 . Database Lockouts 1 | . . . 1 . . Manual 30 | . 12 . 15 2 1 Terminals 39 | . 12 . 25 2 . Fabricators . | . . . . . . Repair Stations 2 | . . . 2 . . Recycling Units 3 | . 1 . 2 . . Scanalyzers 9 | . . . 9 . . Garrison Access . | . . . . . . Terminal Hacks 18 | . 4 . 11 1 2 Record 1 | . . . . . 1 Part Schematic 1 | . 1 . . . . Robot Analysis 4 | . 2 . 2 . . Prototype ID Bank 1 | . . . . 1 . Branch Access Points 1 | . . . 1 . . Scanalyzer Index 1 | . . . 1 . . Unreport Threat 2 | . . . 2 . . Locate Traps 2 | . 1 . 1 . . Reprogram Traps 1 | . . . 1 . . Registered Components 1 | . . . 1 . . Zone Layout 2 | . . . 2 . . EX-Prototype ID Bank 1 | . . . . . 1 Fabricator Hacks . | . . . . . . Repair Station Hacks 2 | . . . 2 . . Scan Component 1 | . . . 1 . . Repair 1 | . . . 1 . . Recycling Unit Hacks . | . . . . . . Scanalyzer 5 | . . . 5 . . Insert Component 3 | . . . 3 . . Analyze 2 | . . . 2 . . Garrison Access Hacks . | . . . . . . Unauthorized Hacks 6 | . 3 . 3 . . Terminals 5 | . 2 . 3 . . Track 1 | . . . 1 . . Botnet 3 | . 1 . 2 . . Operators 1 | . 1 . . . . Fabricators . | . . . . . . Repair Stations . | . . . . . . Recycling Units 1 | . 1 . . . . Tunnel 1 | . 1 . . . . Scanalyzers . | . . . . . . Garrison Access . | . . . . . . Data Cores Recovered 1 | . . . 1 . . Used . | . . . . . . Hacking Detections 15 | . 4 . 10 1 . Full Trace Events 3 | . 1 . 2 . . Feedback Events . | . . . . . . Feedback Blocked . | . . . . . . Robot Schematics Acquired . | . . . . . . Robots Built . | . . . . . . Authchips . | . . . . . . Time . | . . . . . . Total Robot Build Rating . | . . . . . . Part Schematics Acquired 1 | . 1 . . . . Parts Built . | . . . . . . Authchips . | . . . . . . Time . | . . . . . . Total Part Build Rating . | . . . . . . Parts Repaired 1 | . . . 1 . . Time 136 | . . . 136 . . Parts Recycled . | . . . . . . Recycled Matter . | . . . . . . Retrieved Matter . | . . . . . . Retrieved Components . | . . . . . . Parts Scanalyzed 1 | . . . 1 . . Part Schematics Acquired . | . . . . . . Parts Damaged . | . . . . . . Bothacking | -11 -10 -10 -9 -9 -9 ------------ Run | Scr Mat Min Mat Min Exi Used RIF Installer . | . . . . . . Robots Hacked 4 | . . . . . 4 Non-combat 3 | . . . . . 3 Combat 1 | . . . . . 1 Robot Hacks Applied 4 | . . . . . 4 parse_system 4 | . . . . . 4 Relay Couplers Released . | . . . . . . Fabnet Peak Effective % . | . . . . . . Robots Rewired . | . . . . . . Allies Hacked . | . . . . . . Hacks Repelled . | . . . . . . Allies | -11 -10 -10 -9 -9 -9 -------- Run | Scr Mat Min Mat Min Exi Total Allies . | . . . . . . Largest Group . | . . . . . . Highest-Rated Group . | . . . . . . Highest-Rated Ally . | . . . . . . Total Orders . | . . . . . . Ally Attacks . | . . . . . . Total Damage . | . . . . . . Kills . | . . . . . . Allies Corrupted . | . . . . . . Allies Melted . | . . . . . . Intel | -11 -10 -10 -9 -9 -9 ------- Run | Scr Mat Min Mat Min Exi Robot Analysis Total 4 | . 2 . 2 . . Derelict Logs Recovered 2 | . . 2 . . . Drone Launches . | . . . . . . Drone Recoveries . | . . . . . . Exploration | -11 -10 -10 -9 -9 -9 ------------- Run | Scr Mat Min Mat Min Exi Turns Passed 5535 | 25 965 883 1937 504 1221 Spaces Moved 2695 | 1 472 510 829 264 619 Core 1 | . . . . . 1 Treads 2647 | 1 472 510 829 264 571 Legs 47 | . . . . . 47 Wheels . | . . . . . . Hover . | . . . . . . Flight . | . . . . . . Fastest Speed 120 | 160 160 160 160 160 120 Average Speed 159 | 160 160 160 160 160 157 Slowest Speed 400 | 160 160 160 160 160 400 Overloaded Moves . | . . . . . . Propulsion Burnouts . | . . . . . . Robots Hopped . | . . . . . . Cave-ins Triggered . | . . . . . . Exploration Rate (%) 59 | 2 63 97 72 55 70 Regions Visited 5 Branch Regions 3 Pre-discovered Areas 2 | . 1 . . . 1 Known Exits Taken 1 | . . . 1 . . Unknown Exits Taken 4 | 1 1 1 . 1 . Scrap Searched 2 | . . 1 . 1 . Spaces Dug 1 | . . . 1 . . Terrain Destroyed 51 | . . 22 1 . 28 Melee 1 | . . . 1 . . Projectile 2 | . . . . . 2 AOE 48 | . . 22 . . 26 Terrain Rammed . | . . . . . . Walls Destroyed . | . . . . . . Machines Disabled . | . . . . . . Actions | -11 -10 -10 -9 -9 -9 --------- Run | Scr Mat Min Mat Min Exi Total 3516 | 23 597 549 1283 305 759 Wait 348 | 20 57 11 225 8 27 Move 2690 | . 471 509 828 263 619 Hop . | . . . . . . Pick Up 34 | . 11 4 9 1 9 Fast Attach 14 | . 2 1 6 2 3 Attach 11 | . . . 4 . 7 Detach 3 | . . . . 1 2 Swap 41 | 3 3 4 18 6 7 Drop 43 | . 6 4 20 3 10 Fire 199 | . 41 14 77 18 49 Melee 28 | . . . 2 3 23 Ram . | . . . . . . Kick . | . . . . . . Crush 14 | . 6 2 6 . . Escape Stasis . | . . . . . . Rewire . | . . . . . . Trap 91 | . . . 88 . 3 Miscellaneous . | . . . . . . Route ------- -11/Scrapyard -10/Materials (discovered 2 exits: *Mat / [*Min]) -10/Mines (discovered 2 exits: *Mat x2) -9/Materials (discovered 5 exits: [*Mat x3] / *Min x2) -9/Mines (discovered 2 exits: [*Mat] / *Exi) -9/Exiles (discovered 1 exit: [*Min]) History --------- Turn | Location | Event 26 | -11/Scrapyard | Discovered new exit (range 0) 26 | -11/Scrapyard | Entered Materials 318 | -10/Materials | Build established: Mutant 571 | -10/Materials | Discovered new exit (range 10) 980 | -10/Materials | Discovered new exit (range 8) 991 | -10/Materials | Entered Mines 1055 | -10/Mines | Discovered new exit (range 7) 1206 | -10/Mines | Discovered new exit (range 16) 1295 | -10/Mines | Learned 2 Materials zone layouts 1388 | -10/Mines | Learned Materials trap positions 1533 | -10/Mines | Found a damaged Exp. Sensor Array with a note attached 1537 | -10/Mines | Found Prototype Device 1602 | -10/Mines | Found a hidden stash of uninstalled traps 1874 | -10/Mines | Entered Materials 1874 | -9/Materials | Evolved 2 slots: Propulsion x1, Utility x1 1875 | -9/Materials | Identified exit to Mines 1876 | -9/Materials | Loaded intel: 23 trap records 2215 | -9/Materials | Discovered new exit (range 9) 2226 | -9/Materials | Central database locked down 2500 | -9/Materials | Build established: Scavenger-Mutant 2710 | -9/Materials | Identified Exp. Sensor Array 3275 | -9/Materials | Discovered new exit (range 16) 3332 | -9/Materials | Destroyed 7 combat bots 3644 | -9/Materials | Repaired Broken Exp. Sensor Array 3664 | -9/Materials | Discovered new exit (range 15) 3811 | -9/Materials | Entered Mines 4133 | -9/Mines | YI-UF0 nonchalantly dropped a Grenade Launcher on the ground 4146 | -9/Mines | Destroyed YI-UF0 4152 | -9/Mines | Found Prototype Storage 4152 | -9/Mines | Identified YI-UF0's Bottomless Matter Pit 4163 | -9/Mines | Found Prototype Launcher 4164 | -9/Mines | Identified YI-UF0's Doublenader 4226 | -9/Mines | Deemed a non-threat by the Exiles lab entrance 4226 | -9/Mines | Discovered new exit (range 5) 4277 | -9/Mines | Discovered new exit (range 5) 4315 | -9/Mines | Entered Exiles 4357 | -9/Exiles | Met 8R-AWN 4389 | -9/Exiles | Met EX-HEX 4498 | -9/Exiles | Met EX-DEC 4539 | -9/Exiles | Learned location of Zion (-6) 4574 | -9/Exiles | Met EX-BIN 4603 | -9/Exiles | Aligned with FarCom system 4604 | -9/Exiles | Given EX-Vault access code 4641 | -9/Exiles | Opened EX-Vault 4676 | -9/Exiles | Warned to stay clear of 0b10 Research branches 5200 | -9/Exiles | Attacked by the Exiles 5357 | -9/Exiles | Core integrity fell below 50% 5377 | -9/Exiles | Lost 7 parts (4n2u1w) 5388 | -9/Exiles | Found 8R-AWN's Boregun 5418 | -9/Exiles | Lost 3 parts (1n2w) 5424 | -9/Exiles | Core integrity fell below 20% 5446 | -9/Exiles | Destroyed 8R-AWN 5455 | -9/Exiles | Found 8R-AWN's Boregun 5459 | -9/Exiles | Found Exp. Targeting Computer 5463 | -9/Exiles | Found 8R-AWN's Armor/EX 5477 | -9/Exiles | Discovered new exit (range 14) 5536 | -9/Exiles | Destroyed by DAS Turret with DAS Cannon Last Messages --------------- 05420_ Critical hit (Destroy). 05420_ Hvy. Ion Engine destroyed. 05423_ Penetrated by HV Slug. 05427_ The unstable cave ceiling collapses. 05427_ Penetrated by HV Slug. 05434_ HV Slug penetrates Earth. 05437_ Penetrated by HV Slug. 05444_ Critical hit (Destroy). 05444_ Hvy. Assault Rifle destroyed. 05446_ 8R-AWN destroyed. 05453_ Acquired Adv. Myomer Leg. 05455_ Acquired 8R-AWN's Boregun. 05456_ Acquired 115 matter. 05459_ Acquired Exp. Targeting Computer. 05463_ Acquired 8R-AWN's Armor/EX. 05466_ Acquired Gravity Neutralizer. 05477_ EXIT=FOUND 05482_ Acquired Exp. Sensor Array. 05484_ Acquired Hammer. 05486_ Acquired Com. Wheel. Map ----- +----------------------------------------------------+ | ????????????????????????????????????#" ## | | ????????????????????????????????????#""""""?# | | ????????????????????????????????????##"###??# | | ????????????????????????????????????? ??????# | | ????????????????????????????????????????????# | | ??????????????????????#????????????????????## | | ???????????#######??# ?????????????????????#" | | #####??????#!!! "#?# #?????????????????????#" | | #""##?????# "## #??????????????????????#" | | #?????# "# #???????????????????????#" | | ##???## """#???????????##???????????#" | | #####" " #???????????? """????????#" | | "#" ##???????????" """#???????## | | #"" ##"#???????????" ?????????# | | # "# #??????????"" ?????????#" | | #### ####?#?????"" "#????????#" | | ???### ## #????? ""?????????#" | | #####" # # # ##?????" "?????????##" | | !""""" #?????# #????????##"" | | # ####???### ###?######"" | | "##; "#####X# #"###""""""" | | ####; """""" " "" | | """ ###??##"# "" """ " | | #######?????### " " | | ??????????????#### % | | ?????????????????### @ | | ???????????????????## | | ????????????????????## | | ?????????????????????# | | ?????????????????????## """""" | | ?????????????????????# ######""" | | ?????????????????????#" ""##????#### | | ????????????????????##""" """##????????? | | ????????????????????#""" """##?????????? | | ????????????????????#""" ""#??????????? | | ????????????????????#"" ########??### | | ????????????????????#""" ## ####"" | | ????????????????????#"" t """" | | ????????????????????##"" | | ?????????????????????#"" | | ?????????????????????## | | ??????????????????????#" " | | ??????????????????????#"""" ""## ## | | ??????????????????????#"" ""#### ## | | ??????????????????????#" """"##??# #? | | ??????????????????????#""" """#??## ## | | ??????????????????????## ""##??#! " | | ???????????????????????#"" """##???#" | | ???????????????????????##""" ##????#" | | ????????????????????????##"""" ##?????#!!""! | +----------------------------------------------------+ Best States ------------- Heat Dissipation 42 Energy Generation 14 Energy Capacity 280 Matter Stores 300 Matter Capacity 300 Sight Range 16 Terrain Scan Density 10 Armor Coverage 375 Evasion (%) 50 Targeting Accuracy 12 Recoil Reduction 3 Item Schematics ----------------- Huge Storage Unit | -10/Materials | Hacked Robot Schematics ------------------ None Fabricated ------------ Nothing Alien Tech Used ----------------- None Achievements -------------- None Challenges ------------ None Game ------ Seed CatalystLightRegenerator Manual? 0 Play Time 00:22:01 Cumulative 1157.3 hours Start 2022.08.25 @ 00:11:40 End 2022.08.25 @ 00:33:11 Sessions 1 Manual Loads 0 Difficulty Rogue Special Mode None Game No. 812 Rogue 808 Adventurer 4 Explorer 0 Win Type - Total 127 Types 97/9/8/5/2/0/1/3/2 Lore% 94 Gallery% 97 Achievement% 98 Wizard Run 0 Options --------- ASCII 0 Keyboard 1 Movement Vi Keybinds 0 Fullscreen 0 Font 20/X11 Map View 76x50 Tactical HUD 1 Map Filters NONE Filters NONE Steam 1 RUN: 06f918b2-0815-4bc6-9764-3ec299ec8417